 Dungeon Crawl Stone Soup version 0.30-a0-371-gad7725a93e (webtiles) character file.

Game seed: 12174629426066115069

4903 Maxmaps the Spear-Bearer (level 10, -1/64 (76) HPs)
             Began as a Formicid Monk on Nov 20, 2022.
             Was a Priest of the Shining One.
             Slain by a wight
             ... wielding a +0 halberd
              (7 damage)
             ... on level 9 of the Dungeon.
             The game lasted 00:10:13 (8156 turns).

Maxmaps the Spear-Bearer (Formicid Monk)            Turns: 8156, Time: 00:10:14

HP:   -1/64 (76)    AC: 13    Str: 16    XL:     10   Next: 80%
MP:   10/10         EV:  7    Int: 14    God:    the Shining One [***...]
Gold: 561           SH:  6    Dex: 16    Spells: 9/9 levels left

rFire   . . .      SeeInvis +    F - +1 trident (freeze)
rCold   . . .      Faith    .    k - +0 buckler
rNeg    + . .      Spirit   .    s - +0 chain mail
rPois   .          Reflect  .    (helmet unavailable)
rElec   .          Harm     .    C - +1 cloak
rCorr   +          Rampage  .    (no gloves)
Will    +....                    i - +0 pair of boots
Stlth   ..........               (no amulet)
HPRegen 0.30/turn                x - ring of resist corrosion
MPRegen 0.12/turn                (no ring)

@: glowing, heavily drained
A: permanent stasis, dig shafts and tunnels, antennae 3, four strong arms
a: Dig, Shaft Self, Renounce Religion, Divine Shield, Cleansing Flame


You were on level 9 of the Dungeon.
You worshipped the Shining One.
The Shining One was most pleased with you.
You visited 2 branches of the dungeon, and saw 10 of its levels.
You also visited: Ossuary.

You collected 561 gold pieces.

Inventory:

Hand Weapons
 a - a +0 falchion
 u - a +3 spear of venom
 A - a +1 trident of venom
 F - a +1 trident of freezing (weapon)
Armour
 i - a +0 pair of boots (worn)
 k - a +0 buckler (worn)
 s - a +0 chain mail (worn)
 C - a +1 cloak (worn)
Jewellery
 x - a ring of resist corrosion (left hand)
Wands
 z - a wand of polymorph (9)
 D - a wand of digging (2)
 G - a wand of flame (12)
Scrolls
 d - 2 scrolls of silence {unknown}
 h - 2 scrolls of poison
 l - a scroll of enchant armour {unknown}
 m - 5 scrolls of teleportation
 p - 5 scrolls of identify
 q - a scroll of fear
 t - a scroll of magic mapping
 v - 2 scrolls of summoning {unknown}
 y - a scroll of fog
 B - a scroll of enchant weapon
 E - a scroll of brand weapon {unknown}
Potions
 b - 3 potions of brilliance {unknown}
 c - a potion of ambrosia
 e - a potion of berserk rage
 f - 2 potions of might
 g - 2 potions of mutation
 j - 2 potions of degeneration {unknown}
 n - 2 potions of lignification {unknown}
 r - a potion of flight
 w - a potion of cancellation {unknown}


   Skills:
 - Level 6.1 Fighting
 - Level 4.2 Long Blades
 + Level 11.7 Polearms
 - Level 5.0 Armour
 - Level 2.6 Dodging
 - Level 2.4 Stealth
 - Level 8.0 Shields


You had 9 spell levels left.
You didn't know any spells.
Your spell library contained the following spells:

 Spells                   Type           Power      Damage    Failure   Level
 Cigotuvi's Dreadful Rot  Necr/Pois/Air  0%         N/A       100%        2
 Poisonous Vapours        Pois/Air       0%         N/A       100%        2
 Dazzling Flash           Conj/Hex       0%         N/A       100%        3
 Gell's Gravitas          Tloc           0%         N/A       100%        3
 Mephitic Cloud           Conj/Pois/Air  0%         N/A       100%        3
 Teleport Other           Tloc           0%         N/A       100%        3
 Iskenderun's Mystic Bla  Conj/Tloc      0%         2d3       100%        4
 Leda's Liquefaction      Hex/Erth       0%         N/A       100%        4
 Lee's Rapid Deconstruct  Erth           0%         3d4*      100%        5
 Dispersal                Tloc           0%         N/A       100%        6
 Starburst                Conj/Fire      0%         6d3       100%        6
 Statue Form              Tmut/Erth      0%         N/A       100%        6


Dungeon Overview and Level Annotations

Branches:
Dungeon (9/15)             Temple (1/1) D:6         Ossuary (visited)
   Lair: D:8-11         Orc: D:9-12

Altars:
Ashenzari
Fedhas
Gozag
Hepliaklqana
Kikubaaqudgha
Makhleb
Nemelex Xobeh
Okawaru
Qazlal
Ru
Sif Muna
Trog
Uskayaw
Vehumet
Wu Jian
Xom
Yredelemnul
Zin
The Shining One

Shops:
D:3 *

Annotations:
D:6 1 transporter, MrSquiggles's ghost, novice MiFi


Innate Abilities, Weirdness & Mutations

You cannot be hasted, slowed, berserked, paralysed or teleported.
You can dig through walls and to a lower floor.
You have a pair of large antennae on your head. (SInv)
Your four strong arms can wield two-handed weapons with a shield.


Message History

You hit the wight.
The wight is heavily damaged.
You puncture the wight!
You destroy the wight!
The Shining One accepts your kill.
You feel better. The wight hits you with a +0 halberd!
* * * LOW HITPOINT WARNING * * *
You partially resist.
You feel drained.
* * * LOW HITPOINT WARNING * * *
Things that are here:
a +2 great sword of electrocution; a +0 robe You hit the wight.
The wight is lightly damaged.
You block the wight's attack.
You hit the wight but do no damage.
The wight is lightly damaged.
The wight hits you with a +0 halberd.
* * * LOW HITPOINT WARNING * * *
You barely miss the wight.
The wight is lightly damaged.
Okay, then.
You hit the wight.
The wight is moderately damaged.
The wight barely misses you.
You hit the wight but do no damage.
The wight is moderately damaged.
The wight hits you but does no damage.
You hit the wight.
The wight is heavily damaged.
You hit the wight but do no damage.
The wight is heavily damaged.
The wight completely misses you.
You hit the wight.
The wight is heavily damaged.
The wight barely misses you.
You hit the wight.
The wight is almost destroyed.
The wight hits you with a +0 halberd!
You die...

###############
#.............#
#######.#########...#
....................# { {
####....#########...#
#.............#...#{ {
....######.##.#.#...#######
###. #@# #..........
#.######z## #.....)....
.....z)...# ####.######
#.######..#. #....# #..#.#
#....# #......#....######
..##.#.#....##...#
...#.#.####.##....
............##....


You could see a wight.

Vanquished Creatures
  Pikel (D:7)
  A troll (D:9)
  Sigmund (D:4)
  A wraith (D:7)
  2 steam dragons
  Menkaure (D:4)
  Edmund (D:6)
  2 water moccasins (D:7)
  2 orc warriors (D:8)
  An ogre (D:7)
  An ice beast (D:8)
  2 black bears
  3 centaurs
  A lemure (D:7)
  A kobold brigand (D:7)
  2 phantoms
  7 bullfrogs
  2 necrophages
  A scorpion (D:4)
  A gnoll sergeant (D:6)
  8 wights
  Dowan (D:6)
  6 killer bees (D:8)
  2 howler monkeys (D:7)
  8 hounds
  2 jellies
  An orc priest (D:6)
  Jessica (D:3)
  4 orc wizards
  2 mummies
  A gnoll (D:6)
  6 adders
  A shadow imp (D:7)
  4 white imps
  2 worms
  2 dart slugs
  16 orcs
  A spectral bat (Ossuary)
  3 bat simulacra (Ossuary)
  5 endoplasms
  2 giant cockroaches
  12 gnoll zombies (Ossuary)
  6 goblins
  8 hobgoblins
  7 jackals (D:2)
  8 quokkas
  8 ball pythons
  3 bats
  5 frilled lizards
  3 goblin simulacra (Ossuary)
  3 goblin zombies
  8 hobgoblin zombies (Ossuary)
  5 kobolds
  7 kobold simulacra (Ossuary)
  4 kobold zombies (Ossuary)
  5 orc zombies
  8 rats
  6 rat simulacra (Ossuary)
  4 spectral goblins (Ossuary)
  3 spectral kobolds (Ossuary)
  A spectral rat (Ossuary)
226 creatures vanquished.

Notes
Turn   | Place    | Note
-------+----------+-------------------------------------------
     0 | D:1      | Maxmaps the Formicid Monk began the quest for the Orb.
     0 | D:1      | Reached XP level 1. HP: 18/18 MP: 1/1
    43 | D:1      | Reached skill level 1 in Armour
   140 | D:1      | Reached XP level 2. HP: 15/24 MP: 2/2
   484 | D:1      | Reached XP level 3. HP: 29/29 MP: 3/3
  1032 | D:2      | Reached XP level 4. HP: 34/35 MP: 4/4
  1784 | D:3      | Noticed Jessica
  1793 | D:3      | Killed Jessica
  1877 | D:3      | Reached skill level 1 in Shields
  1877 | D:3      | Reached XP level 5. HP: 41/41 MP: 5/5
  1978 | D:3      | Found Tuzu's Assorted Antiques.
  1984 | D:3      | Found a broken altar of Ashenzari.
  2517 | D:4      | Noticed Menkaure
  2522 | D:4      | Reached XP level 6. HP: 44/47 MP: 6/6
  2535 | D:4      | Killed Menkaure
  2776 | D:4      | Noticed Sigmund
  2788 | D:4      | Killed Sigmund
  2789 | D:4      | Reached XP level 7. HP: 48/52 MP: 7/7
  2831 | D:4      | Found a sand-covered staircase.
  2841 | Ossuary  | Entered an ossuary
  3618 | D:5      | Entered Level 5 of the Dungeon
  3676 | D:5      | Reached XP level 8. HP: 51/61 MP: 8/8
  3811 | D:5      | Found a radiant altar of Vehumet.
  3883 | D:5      | Reached skill level 5 in Fighting
  4218 | D:6      | Found a staircase to the Ecumenical Temple.
  4245 | Temple   | Entered the Ecumenical Temple
  4356 | Temple   | Became a worshipper of the Shining One
  4356 | Temple   | Reached * piety under the Shining One
  4356 | Temple   | Reached ** piety under the Shining One
  4410 | D:6      | Noticed Edmund
  4415 | D:6      | Noticed Dowan
  4427 | D:6      | Killed Edmund
  4436 | D:6      | Killed Dowan
  4484 | D:6      | Reached skill level 5 in Armour
  4688 | D:6      | Found a hide-covered altar of Uskayaw.
  4833 | D:6      | Reached skill level 1 in Polearms
  4851 | D:6      | Reached skill level 2 in Polearms
  5125 | D:6      | Found a transporter.
  5126 | D:6      | Noticed MrSquiggles's ghost (novice MiFi)
  5128 | D:6      | Identified the +6 great mace of Rofeim {venom, +Blink rC+
                  | SInv}
  5128 | D:6      | Noticed a two-headed ogre
  5210 | D:7      | Found an iron altar of Okawaru.
  5285 | D:7      | Noticed Pikel
  5305 | D:7      | Killed Pikel
  5306 | D:7      | Reached skill level 5 in Polearms
  5306 | D:7      | Reached XP level 9. HP: 39/69 MP: 9/9
  5466 | D:7      | Reached skill level 6 in Polearms
  5823 | D:7      | Reached skill level 7 in Polearms
  5911 | D:7      | Reached skill level 8 in Polearms
  5939 | D:7      | Reached XP level 10. HP: 20/76 MP: 10/10
  5951 | D:7      | Reached skill level 9 in Polearms
  6713 | D:8      | Reached skill level 10 in Polearms
  6966 | D:8      | Found a stormy altar of Qazlal.
  7106 | D:8      | Found a hazy altar of Hepliaklqana.
  7143 | D:8      | Reached *** piety under the Shining One
  7239 | D:8      | Reached skill level 11 in Polearms
  8140 | D:9      | HP: 2/66 [wight/+2 great sword of electrocution (13)]
  8156 | D:9      | Slain by a wight

Illustrated notes

Levels and vault maps discovered:
D:1:      heliophobic_arrival_battle_scene, layout_basic, serial_bayou_pond_c,
          feat_on_display
D:2:      layout_basic, minmay_misc_feat_enclosed
D:3:      layout_rooms, mainiacjoe_overflow_small_starburst, serial_shops, shop,
          uniq_jessica
D:4:      layout_basic, nicolae_ossuary_entry_giza, uniq_sigmund, uniq_menkaure
D:5:      layout_rooms, mainiacjoe_overflow_cross_hatched
D:6:      layout_rooms, mainiacjoe_overflow_alcove_4,
          minmay_temple_entry_slanted, gammafunk_ghost_smash,
          minmay_misc_feat_room, uniq_edmund, uniq_duvessa
D:7:      layout_basic, okawaru_gym_becter, nzn_random_ring, uniq_pikel
D:8:      layout_rooms, nzn_hepliaklqana_mist_gate,
          nicolae_qazlal_scattered_showers, grunt_tough_drop
D:9:      layout_basic, kennysheep_little_box, grunt_dithmenos_shadows
Temple:   nicolae_temple_god_jail

Skill      XL: |  1  2  3  4  5  6  7  8  9 10 |
---------------+-------------------------------+-----
Armour         | 1 2 3 5 |  5.0
Long Blades    | 4 |  4.2
Shields        | 1 4 7 8 |  8.0
Fighting       | 4 6 |  6.1
Polearms       | 5 8 11 | 11.7
Dodging        | |  2.6
Stealth        | |  2.4

Action                   |  1- 3 |  4- 6 |  7- 9 | 10-12 || total
-------------------------+-------+-------+-------+-------++-------
Melee: Falchion          |   111 |    95 |       |       ||   206
       Punch             |     1 |       |       |       ||     1
       Spear             |       |    41 |   316 |       ||   357
       Trident           |       |       |   131 |   181 ||   312
 Abil: Dig               |       |     2 |     1 |     3 ||     6
  Use: Scroll            |       |    14 |       |       ||    14
       Potion            |       |       |     1 |     5 ||     6
 Stab: Sleeping          |     8 |     1 |       |       ||     9
Armor: Robe              |    15 |       |       |       ||    15
       Ring mail         |       |    24 |       |       ||    24
       Chain mail        |       |    44 |   188 |    76 ||   308
Dodge: Dodged            |    75 |    73 |   126 |    61 ||   335
Block: Buckler           |       |    28 |    96 |    51 ||   175

Table legend: (Time is in decaauts)
 A = Elapsed time spent in this place.
 B = Non-inter-level travel time spent in this place.
 C = Inter-level travel time spent in this place.
 D = Time resting spent in this place.
 E = Time spent auto-exploring this place.
 F = Levels seen in this place.
 G = Mean time per level.
                   A        B        C        D        E       F      G
               +--------+--------+--------+--------+--------+-----+--------+
         Total |   8191 |   8039 |    152 |   1348 |   4778 |  11 |  744.6 |
       Dungeon |   7617 |   7465 |    152 |   1348 |   4548 |   9 |  846.3 |
        Temple |    122 |    122 |      0 |      0 |     70 |   1 |  122.0 |
       Ossuary |    451 |    451 |      0 |      0 |    160 |   1 |  451.0 |
               +--------+--------+--------+--------+--------+-----+--------+

Top non-repeatable levels by time:
     D:7: 1464 daAuts
     D:8: 1164 daAuts
     D:2: 922 daAuts
     D:6: 876 daAuts
     D:3: 790 daAuts
     D:4: 770 daAuts
     D:1: 747 daAuts
     D:5: 594 daAuts
 Ossuary: 451 daAuts
     D:9: 287 daAuts
  Temple: 122 daAuts
